 Dungeon Crawl Stone Soup version 0.26-a0-1013-gf6ffb0d6bd (console) character file.

Game seed: 7442024387595591404

788 om the Chopper (level 7, -14/88 HPs)
             Began as a Hill Orc Fighter on Dec 7, 2020.
             Was a Follower of Ashenzari.
             Demolished by Pikel
             ... wielding a +1 whip of electrocution
              (17 damage)
             ... on level 5 of the Dungeon.
             The game lasted 00:11:26 (6351 turns).

om the Chopper (Hill Orc Fighter)                   Turns: 6351, Time: 00:11:27

Health: -14/88     AC: 23    Str: 20    XL:     7   Next: 87%
Magic:  7/7        EV:  2    Int:  8    God:    Ashenzari [*.....]
Gold:   195        SH: 10    Dex: 11    Spells: 6/6 levels left

rFire    . . .     SeeInvis .   a - +0 war axe
rCold    . . .     Faith    .   c - +0 kite shield (curse)
rNeg     + + +     Spirit   .   (armour currently unavailable)
rPois    +         Reflect  .   (helmet currently unavailable)
rElec    .         Harm     .   (cloak currently unavailable)
rCorr    .         Rampage  .   (gloves currently unavailable)
Will     .....     NoTele   +   (boots currently unavailable)
Stlth    +.........             (no amulet)
HPRegen  0.24/turn              (no ring)
MPRegen  0.10/turn              (no ring)

@: tree-form
A: no striking features
a: Curse Item, Scrying, Renounce Religion


You were on level 5 of the Dungeon.
You worshipped Ashenzari.
Ashenzari was aware of your devotion.
You were a tree.
You visited 1 branch of the dungeon, and saw 5 of its levels.
You also visited: Sewer.

You collected 195 gold pieces.

Inventory:

Hand Weapons
 a - a +0 war axe (weapon)
 p - a +0 hunting sling
Missiles
 q - 89 stones (quivered)
 x - 25 sling bullets
Armour
 b - a +0 scale mail
 c - a cursed +0 kite shield (worn)
 u - a +2 chain mail of positive energy (melded)
 y - a +1 chain mail of cold resistance
Wands
 w - a wand of polymorph (4)
Scrolls
 e - 3 scrolls of enchant weapon {unknown}
 f - 4 scrolls of amnesia
 g - 2 scrolls of teleportation {unknown}
 i - a scroll of remove curse
 k - a scroll of blinking {unknown}
 l - a scroll of noise {unknown}
 m - a scroll of identify
 s - 3 scrolls of random uselessness {unknown}
Potions
 d - 2 potions of mutation {unknown}
 h - a potion of haste
 j - a potion of brilliance {unknown}
 n - a potion of heal wounds
 o - 4 potions of curing
 r - a potion of lignification
 t - 3 potions of cancellation
 v - a potion of resistance {unknown}


   Skills:
 - Level 4.0 Fighting
 - Level 6.0 Axes
 + Level 5.7 Armour
 + Level 3.1 Dodging
 + Level 5.6 Shields


You had 6 spell levels left.
You didn't know any spells.
Your spell library was empty.

Dungeon Overview and Level Annotations

Branches:
Dungeon (5/15)              Sewer (visited)
 Temple: D:4-7

Altars:
Ashenzari
Cheibriados
Fedhas
Gozag
Hepliaklqana
Kikubaaqudgha
Okawaru
Qazlal

Annotations:
D:2 Grinder
D:5 Pikel


Message History

You hit Pikel.
Pikel is lightly wounded.
Pikel zaps a wand.
You are blasted!
You hit Pikel but do no damage.
Pikel is lightly wounded.
Pikel hits you but does no damage.
You slash Pikel!
Pikel is heavily wounded.
Pikel zaps a wand.
You are blasted!
Pikel waves his whip at you.
Pikel zaps a wand.
You are blasted!
* * * LOW HITPOINT WARNING * * *
You hit Pikel.
Pikel is heavily wounded.
Pikel zaps a wand.
You are blasted!
* * * LOW HITPOINT WARNING * * *
You completely miss Pikel.
Pikel is heavily wounded.
Pikel hits you but does no damage.
You are electrocuted!
You die...

..........#
..#.#####<# ..#.#
.##.# ....# ###
>######## .5.
......... #5#
........# #5#
.######.# #5#
.##.###.# #K#
........# #♣#
.##.############.##
###.#.........[...#
....#.#############
.####.# .# #.# .#
#.# .####.# ......#
#######


You could see Pikel and 4 lemures.

Vanquished Creatures
  2 phantoms (D:4)
  A bullfrog (Sewer)
  A howler monkey (D:4)
  2 hounds
  2 orc priests
  5 orc wizards
  2 worker ants (D:4)
  Robin (D:4)
  2 howler monkey skeletons (D:4)
  3 adders
  A white imp (D:3)
  An adder skeleton (D:4)
  5 worms
  A dart slug (D:4)
  7 leopard geckos
  15 orcs
  10 giant cockroaches
  22 goblins
  5 hobgoblins
  15 jackals
  4 kobolds
  A quokka (D:3)
  5 ball pythons (Sewer)
  6 bats
  9 frilled lizards
  7 rats
135 creatures vanquished.

Vanquished Creatures (others)
  4 fungi (D:4)
  2 plants (D:4)
6 creatures vanquished.

Grand Total: 141 creatures vanquished

Notes
Turn   | Place    | Note
-------+----------+-------------------------------------------
     0 | D:1      | om the Hill Orc Fighter began the quest for the Orb.
     0 | D:1      | Reached XP level 1. HP: 19/19 MP: 1/1
    69 | D:1      | Reached skill level 3 in Axes
   289 | D:1      | Reached XP level 2. HP: 27/27 MP: 2/2
   623 | D:1      | Reached XP level 3. HP: 33/33 MP: 3/3
  1138 | D:2      | Found a hazy altar of Hepliaklqana.
  1613 | D:2      | Found a broken altar of Ashenzari.
  1878 | D:2      | Became a worshipper of Ashenzari the Shackled
  1949 | D:3      | Noticed Grinder
  2045 | D:2      | Paralysed by Grinder for 3 turns
  2049 | D:2      | Paralysed by Grinder for 2 turns
  2178 | D:3      | Reached XP level 4. HP: 38/40 MP: 4/4
  2184 | D:3      | Reached skill level 4 in Axes
  2204 | D:3      | Found a snail-covered altar of Cheibriados.
  2204 | D:3      | Found an opulent altar of Gozag.
  2231 | D:3      | Reached skill level 1 in Dodging
  2314 | D:3      | Reached XP level 5. HP: 44/46 MP: 5/5
  2438 | D:3      | Found an iron altar of Okawaru.
  2597 | D:3      | Reached skill level 5 in Axes
  3571 | D:4      | Reached XP level 6. HP: 43/52 MP: 6/6
  3672 | D:4      | Found a glowing drain.
  3688 | Sewer    | Entered a sewer
  4403 | D:4      | Reached skill level 6 in Axes
  4457 | D:4      | Noticed Robin
  4483 | D:4      | Killed Robin
  4570 | D:4      | Found a blossoming altar of Fedhas.
  4570 | D:4      | Reached * piety under Ashenzari
  4574 | D:4      | Found a stormy altar of Qazlal.
  4619 | D:4      | Noticed a phantom
  4627 | D:4      | Reached XP level 7. HP: 59/59 MP: 7/7
  4671 | D:4      | Reached skill level 5 in Armour
  4671 | D:4      | Reached skill level 5 in Shields
  4973 | D:4      | Found an ancient bone altar of Kikubaaqudgha.
  5903 | D:5      | Entered Level 5 of the Dungeon
  6340 | D:5      | Noticed Pikel
  6350 | D:5      | HP: 2/88 [disintegration (11)]
  6351 | D:5      | Demolished by Pikel

Illustrated notes

Levels and vault maps discovered:
D:1:      saegor_arrival_simple_e, layout_loops_cross
D:2:      layout_loops_ring, nicolae_overflow_hidden_temple, marbit_many_paths
D:3:      layout_loops_ring, grunt_temple_overflow_open,
          kennysheep_okawaru_gauntlet, uniq_grinder
D:4:      layout_basic, grunt_temple_overflow_forces_of_nature,
          lemuel_doored_altar, cheibrodos_sewer_entry_bend,
          kennysheep_generic_room_14, uniq_robin
D:5:      layout_basic, uniq_pikel, uniq_blork_the_orc

Skill      XL: |  1  2  3  4  5  6  7 |
---------------+----------------------+-----
Axes           | 3 4 5 6 |  6.0
Fighting       | 4 |  4.0
Dodging        | 1 2 3 |  3.1
Armour         | 4 5 |  5.7
Shields        | 4 5 |  5.6

Action                   |  1- 3 |  4- 6 |  7- 9 || total
-------------------------+-------+-------+-------++-------
Melee: War axe           |   156 |   272 |   127 ||   555
 Fire: Hunting sling     |       |    14 |       ||    14
Invok: Curse Item        |       |     1 |       ||     1
  Use: Potion            |     4 |       |     2 ||     6
       Scroll            |       |     4 |     1 ||     5
Armor: Scale mail        |    77 |    22 |       ||    99
       Chain mail        |       |   108 |    46 ||   154
       Skin              |       |       |     2 ||     2
Dodge: Dodged            |    60 |    73 |    30 ||   163
Block: Kite shield       |    91 |   144 |    42 ||   277

Table legend: (Time is in decaauts)
 A = Elapsed time spent in this place.
 B = Non-inter-level travel time spent in this place.
 C = Inter-level travel time spent in this place.
 D = Time resting spent in this place.
 E = Time spent auto-exploring this place.
 F = Levels seen in this place.
 G = Mean time per level.
                   A        B        C        D        E       F      G
               +--------+--------+--------+--------+--------+-----+--------+
         Total |   6608 |   6285 |    323 |   1634 |   3184 |   6 | 1101.3 |
       Dungeon |   5900 |   5577 |    323 |   1574 |   2766 |   5 | 1180.0 |
         Sewer |    707 |    707 |      0 |     60 |    418 |   1 |  707.0 |
               +--------+--------+--------+--------+--------+-----+--------+

Top non-repeatable levels by time:
     D:4: 2109 daAuts
     D:3: 1368 daAuts
     D:1: 1129 daAuts
     D:2: 960 daAuts
   Sewer: 707 daAuts
     D:5: 333 daAuts
